 Dungeon Crawl Stone Soup version 0.30-a0-1035-g38d5fb2972 (webtiles) character file.

Game seed: 9504209615350037284

128 holysushi the Shooter (level 5, -11/43 HPs)
             Began as a Gnoll Wanderer on Apr 8, 2023.
             Was a Follower of Qazlal.
             Mangled by an orc
             ... wielding a +0 morningstar
              (12 damage)
             ... on level 3 of the Dungeon.
             The game lasted 00:02:10 (1891 turns).

holysushi the Shooter (Gnoll Wanderer)              Turns: 1891, Time: 00:02:11

Health: -11/43     AC:  2    Str: 10    XL:     5   Next: 11%
Magic:  9/9        EV: 12    Int: 11    God:    Qazlal [*.....]
Gold:   107        SH:  1    Dex: 15    Spells: 6/10 levels left

rFire   . . .      SeeInvis .    a - +4 sling
rCold   . . .      Faith    .    (no shield)
rNeg    . . .      Spirit   .    e - +0 robe
rPois   .          Reflect  .    (no helmet)
rElec   .          Rampage  .    (no cloak)
rCorr   .                        (no gloves)
Will    .....                    (no boots)
Stlth   ++                       (no amulet)
HPRegen 0.27/turn                k - ring of wizardry
MPRegen 0.11/turn                (no ring)

@: flying
A: fangs 1, strong nose, distributed training
a: Renounce Religion


You were on level 3 of the Dungeon.
You worshipped Qazlal.
Qazlal was aware of your devotion.
You visited 1 branch of the dungeon, and saw 3 of its levels.

You collected 107 gold pieces.

Inventory:

Hand Weapons
 a - a +4 sling (weapon)
 c - a +0 dagger
Missiles
 b - 12 poisoned darts (quivered)
Armour
 e - a +0 robe (worn)
Jewellery
 k - a ring of wizardry (left hand)
Scrolls
 i - a scroll of fog {unknown}
 l - a scroll of fear
Potions
 d - a potion of lignification
 f - a potion of flight
 g - a potion of brilliance {unknown}
 h - a potion of curing {unknown}
 m - 2 potions of mutation {unknown}
 n - 2 potions of haste {unknown}


   Skills:
 + Level 4.7 Fighting
 + Level 1.4 Short Blades
 + Level 1.4 Long Blades
 + Level 1.4 Axes
 + Level 1.4 Maces & Flails
 + Level 1.4 Polearms
 + Level 1.4 Staves
 + Level 4.7 Ranged Weapons
 + Level 2.9 Throwing
 + Level 2.9 Armour
 + Level 1.4 Dodging
 + Level 2.7 Stealth
 + Level 1.4 Shields
 + Level 1.4 Unarmed Combat
 + Level 3.1 Spellcasting
 + Level 1.1 Conjurations
 + Level 1.1 Hexes
 + Level 1.1 Summonings
 + Level 1.1 Necromancy
 + Level 1.1 Translocations
 + Level 2.3 Transmutations
 + Level 1.1 Fire Magic
 + Level 1.1 Ice Magic
 + Level 1.1 Air Magic
 + Level 1.1 Earth Magic
 + Level 1.1 Poison Magic
 + Level 1.6 Invocations
 + Level 2.9 Evocations


You had 6 spell levels left.
You knew the following spells:

 Your Spells              Type           Power      Damage    Failure   Level
a - Wereblood             Tmut           7%         N/A       6%          2
b - Passwall              Tmut/Erth      4%         N/A       8%          2

Your spell library contained the following spells:

 Spells                   Type           Power      Damage    Failure   Level


Dungeon Overview and Level Annotations

Branches:
Dungeon (3/15) Zot: 16080

Altars:
Qazlal

Annotations:
D:1 2 transporters


Innate Abilities, Weirdness & Mutations

You have very sharp teeth.
Your uncanny sense of smell can sniff out nearby items.
Your experience applies equally to all skills.


Message History

The sling bullet hits the orc but does no damage.
An orc is nearby!
You shoot a sling bullet. The sling bullet hits the orc.
The orc is severely wounded.
An orc is nearby!
You shoot a sling bullet. The sling bullet barely misses the orc.
An orc is nearby!
You shoot a sling bullet. The sling bullet barely misses the orc.
The orc hits you with a +0 morningstar!
You shoot a sling bullet. The sling bullet barely misses the orc.
The orc barely misses you.
An orc is nearby!
You shoot a sling bullet.
The sling bullet hits the orc but does no damage.
The orc is severely wounded.
The orc barely misses you.
An orc is nearby!
You shoot a sling bullet. The sling bullet barely misses the orc.
The orc barely misses you.
You shoot a sling bullet.
The sling bullet completely misses the orc.
The orc hits you with a +0 morningstar. The orc hits you with a +0 morningstar!
You shoot a sling bullet. The sling bullet barely misses the orc.
The orc hits you with a +0 morningstar!
You shoot a sling bullet.
The sling bullet hits the orc but does no damage.
The orc is severely wounded.
The orc hits you with a +0 morningstar.
* * * LOW HITPOINT WARNING * * *
You shoot a sling bullet. The sling bullet hits the orc.
The orc is severely wounded.
The orc hits you with a +0 morningstar!
* * * LOW HITPOINT WARNING * * *
You are too injured to fight recklessly!
You are too injured to fight recklessly!
You are too injured to fight recklessly!
It was a potion of flight.
You feel very buoyant.
You fly up into the air.
The orc hits you with a +0 morningstar!
You die...

#............###
#.........†..##########
#.......†....#.........
#............#.........
#............#........$
#............#.........
#....[.......#.........
#............#....)...$
#............†@o.......
#............#.........
#............#......./.
#########....######.###
#....# # ######


You could see an orc.

Vanquished Creatures
  8 adders
  A worm (D:2)
  3 dart slugs
  An orc (D:3)
  4 endoplasms
  A giant cockroach (D:1)
  3 goblins
  3 hobgoblins
  3 jackals (D:3)
  5 quokkas
  4 ball pythons
  5 bats
  3 frilled lizards
  3 kobolds
  4 rats
51 creatures vanquished.

Notes
Turn   | Place    | Note
-------+----------+-------------------------------------------
     0 | D:1      | holysushi the Gnoll Wanderer began the quest for the Orb.
     0 | D:1      | holysushi set off with the following items: a +2 sling, 12
                  | poisoned darts, a +0 dagger, a potion of lignification, a
                  | +0 robe; and the following spells available to memorise:
                  | Wereblood, Passwall.
     0 | D:1      | Reached XP level 1. HP: 20/20 MP: 4/4
   113 | D:1      | Reached XP level 2. HP: 26/26 MP: 5/5
   765 | D:1      | Learned a level 2 spell: Wereblood
   768 | D:1      | Learned a level 2 spell: Passwall
   847 | D:2      | Reached XP level 3. HP: 20/31 MP: 5/7
   947 | D:2      | Reached skill level 1 in Invocations
   979 | D:2      | Reached skill level 1 in Short Blades
   979 | D:2      | Reached skill level 1 in Long Blades
   979 | D:2      | Reached skill level 1 in Axes
   979 | D:2      | Reached skill level 1 in Maces & Flails
   979 | D:2      | Reached skill level 1 in Polearms
   979 | D:2      | Reached skill level 1 in Staves
   979 | D:2      | Reached skill level 1 in Dodging
   979 | D:2      | Reached skill level 1 in Shields
   979 | D:2      | Reached skill level 1 in Unarmed Combat
  1058 | D:2      | Reached XP level 4. HP: 38/38 MP: 8/8
  1176 | D:2      | Reached skill level 1 in Conjurations
  1176 | D:2      | Reached skill level 1 in Hexes
  1176 | D:2      | Reached skill level 1 in Summonings
  1176 | D:2      | Reached skill level 1 in Necromancy
  1176 | D:2      | Reached skill level 1 in Translocations
  1176 | D:2      | Reached skill level 1 in Fire Magic
  1176 | D:2      | Reached skill level 1 in Ice Magic
  1176 | D:2      | Reached skill level 1 in Air Magic
  1176 | D:2      | Reached skill level 1 in Earth Magic
  1176 | D:2      | Reached skill level 1 in Poison Magic
  1554 | D:2      | Identified the +1 robe of the Abyss {rN+ rCorr Str+4}
  1812 | D:3      | Found a faded altar of an unknown god.
  1832 | D:3      | Prayed at the altar of an unknown god.
  1832 | D:3      | Became a worshipper of Qazlal Stormbringer
  1832 | D:3      | Reached * piety under Qazlal
  1837 | D:3      | Reached XP level 5. HP: 43/43 MP: 9/9
  1889 | D:3      | HP: 1/43 [orc/+0 morningstar (12)]
  1891 | D:3      | Mangled by an orc

Illustrated notes

Levels and vault maps discovered:
D:1:      spicycebolla_arrival_transporter_tutorial, layout_basic,
          minmay_misc_feat_five, hangedman_feature_mirror
D:2:      layout_basic
D:3:      layout_basic, basic_ecumenical_altar

Skill      XL: |  1  2  3  4 |
---------------+-------------+-----
Transmutations | 2 |  2.3
Invocations    | 1 |  1.6
Short Blades   | 1 |  1.4
Long Blades    | 1 |  1.4
Axes           | 1 |  1.4
Maces & Flails | 1 |  1.4
Polearms       | 1 |  1.4
Staves         | 1 |  1.4
Dodging        | 1 |  1.4
Shields        | 1 |  1.4
Unarmed Combat | 1 |  1.4
Spellcasting   | 3 |  3.1
Conjurations   | 1 |  1.1
Hexes          | 1 |  1.1
Summonings     | 1 |  1.1
Necromancy     | 1 |  1.1
Translocations | 1 |  1.1
Fire Magic     | 1 |  1.1
Ice Magic      | 1 |  1.1
Air Magic      | 1 |  1.1
Earth Magic    | 1 |  1.1
Poison Magic   | 1 |  1.1
Fighting       | |  4.7
Ranged Weapons | |  4.7
Throwing       | |  2.9
Armour         | |  2.9
Stealth        | |  2.7
Evocations     | |  2.9

Action                     |  1- 3 |  4- 6 || total
---------------------------+-------+-------++-------
   Fire: Sling             |    72 |    92 ||   164
   Cast: Wereblood         |     3 |     3 ||     6
    Use: Scroll            |       |     6 ||     6
         Potion            |       |     1 ||     1
 Armour: Robe              |     5 |     7 ||    12
  Dodge: Dodged            |    12 |    18 ||    30

Table legend: (Time is in decaauts)
 A = Elapsed time spent in this place.
 B = Non-inter-level travel time spent in this place.
 C = Inter-level travel time spent in this place.
 D = Time resting spent in this place.
 E = Time spent auto-exploring this place.
 F = Levels seen in this place.
 G = Mean time per level.
                   A        B        C        D        E       F      G
               +--------+--------+--------+--------+--------+-----+--------+
         Total |   1918 |   1868 |     50 |    125 |   1404 |   3 |  639.3 |
       Dungeon |   1918 |   1868 |     50 |    125 |   1404 |   3 |  639.3 |
               +--------+--------+--------+--------+--------+-----+--------+

Top non-repeatable levels by time:
     D:2: 938 daAuts
     D:1: 819 daAuts
     D:3: 160 daAuts
